 Dungeon Crawl Stone Soup version 0.23.1 (webtiles) character file.

Game seed: 269760299394497771

9760 Fang the Fighter (level 11, -3/72 HPs)
             Began as a Gargoyle Berserker on Mar 6, 2019.
             Was a High Priest of Trog.
             Slain by Snorg (10 damage)
             ... on level 10 of the Dungeon.
             The game lasted 00:12:02 (9210 turns).

Fang the Fighter (Gargoyle Berserker)               Turns: 9210, Time: 00:12:02

Health: -3/72      AC: 20    Str: 33    XL:     11   Next: 51%
Magic:  11/11      EV: 14    Int:  9    God:    Trog [*****.]
Gold:   535        SH:  0    Dex:  9    Spells: 10/10 levels left

rFire    . . .     SeeInvis .   v - +1 battleaxe
rCold    . . .     Gourm    +   (shield currently unavailable)
rNeg     + + +     Faith    .   J - +4 scale mail {rC+}
rPois    ∞         Spirit   .   (no helmet)
rElec    +         Reflect  .   l - scarf {repulsion}
rCorr    .         Harm     .   (no gloves)
MR       .....                  (no boots)
Stlth    ..........             u - amulet of the gourmand
HPRegen  0.22/turn              p - +5 ring of strength
MPRegen  0.12/turn              w - ring of Vyiz {+Fly rC- rN+++ Str+5 Stlth-}

@: repel missiles
A: negative energy resistance 1, electricity resistance, unbreathing,
petrification resistance, rot immunity, AC +8
a: Berserk, Trog's Hand, Brothers in Arms, Renounce Religion, Evoke Flight


You were on level 10 of the Dungeon.
You worshipped Trog.
Trog was extremely pleased with you.
You were very full.

You visited 2 branches of the dungeon, and saw 11 of its levels.

You collected 606 gold pieces.
You spent 71 gold pieces at shops.

Inventory:

Hand Weapons
 v - a +1 battleaxe (weapon)
Armour
 a - the +27 Lear's hauberk
   (You found it on level 4 of the Dungeon)
 i - a +1 plate armour
 l - a scarf of repulsion (worn)
 J - a +4 scale mail of cold resistance (worn)
Jewellery
 k - the ring "Imuschuocu" {+Blink rF+ rN+ MR+ Dex+2}
   (You took it off a gnoll on level 9 of the Dungeon)

   [ring of positive energy]

   It affects your dexterity (+2).
   It protects you from fire.
   It protects you from negative energy.
   It affects your resistance to hostile enchantments.
   It lets you blink.
 o - an uncursed ring of see invisible {unknown}
 p - a +5 ring of strength (left hand)
 q - an uncursed ring of stealth
 u - an amulet of the gourmand (around neck)
 w - the ring of Vyiz (right hand) {+Fly rC- rN+++ Str+5 Stlth-}
   (You found it on level 4 of the Dungeon)

   [ring of flight]

   It affects your strength (+5).
   It makes you vulnerable to cold.
   It renders you almost immune to negative energy.
   It lets you fly.
   It makes you less stealthy.
Wands
 g - a wand of paralysis (7)
 h - a wand of polymorph (10)
 y - a wand of acid (7)
 E - a wand of scattershot (9)
 I - a wand of flame (26)
Scrolls
 b - a scroll of fear
 j - 9 scrolls of teleportation
 r - a scroll of fog
 t - 3 scrolls of remove curse
 z - a scroll of enchant weapon
 F - 2 scrolls of magic mapping
Potions
 d - a potion of mutation {unknown}
 e - a potion of lignification
 f - 5 potions of curing
 m - 3 potions of flight
 n - a potion of heal wounds
 s - 3 potions of agility
 x - a potion of cancellation
 B - 2 potions of haste
 C - 2 potions of ambrosia
Comestibles
 c - 22 rations
 A - 2 chunks of flesh


   Skills:
 + Level 10.2 Fighting
 + Level 8.7 Axes
 + Level 10.0 Armour
 + Level 7.6 Dodging


You had 10 spell levels left.
You didn't know any spells.
Your spell library was empty.

Dungeon Overview and Level Annotations

Branches:
Dungeon (10/15)            Temple (1/1) D:6            Lair (0/6) D:10
    Orc: D:9-12

Altars:
Dithmenos
Fedhas
Gozag
Kikubaaqudgha
Nemelex Xobeh
Okawaru
Qazlal
Ru
Uskayaw
Vehumet
Xom
Yredelemnul

Shops:
D:4 ?(%   D:9 ?

Annotations:
D:10 Snorg


Innate Abilities, Weirdness & Mutations

You are resistant to torment.
Your stone body is resilient. (AC +8)
You are immune to poison.
You resist negative energy. (rN+)
You are resistant to electric shocks. (rElec)
You can survive without breathing.
You are immune to petrification.
You are immune to rotting.


Message History

Snorg bites you but does no damage. Snorg claws you! Snorg closely misses you.
Snorg misses you. Snorg claws you but does no damage. Snorg claws you!
You closely miss Snorg.
Snorg is moderately wounded.
Snorg bites you but does no damage. Snorg closely misses you. x2
You barely miss Snorg.
Snorg is moderately wounded.
Snorg bites you! Snorg misses you. Snorg claws you.
Snorg bites you but does no damage. Snorg barely misses you. Snorg claws you!
* * * LOW HITPOINT WARNING * * *
You are too injured to fight recklessly!
You are too injured to fight recklessly!
You are too injured to fight recklessly!
You are too injured to fight recklessly!
You are too injured to fight recklessly!
Your deep troll goes berserk!
Snorg bites you but does no damage. Snorg claws you.
* * * LOW HITPOINT WARNING * * *
Snorg claws you!
You die...

##..## ##...!## .
......## ..
...... ... .###
#.... ....
....##... .....
#......####(.....
#......@T......
###..####T....#
#..## ../.. #.##
#... ###.# #.
####...#
..#......##
##...####..#
###....# ##.## .#


You could see Snorg (berserk) and a friendly deep troll (berserk).

Vanquished Creatures
  Harold (D:8)
  A two-headed ogre (D:8)
  2 oklob plants (D:10)
  Maurice (D:9)
  Joseph (D:10)
  A troll (D:9)
  A hornet (D:9)
  Grinder (D:5)
  A hippogriff (D:3)
  2 wyverns
  4 yaks (D:10)
  A hungry ghost (D:9)
  Grum (D:10)
  Menkaure (D:4)
  2 water moccasins
  2 sky beasts
  An orc warrior (D:10)
  A necrophage (D:10)
  2 phantoms (D:7)
  3 wolves (D:10)
  6 ogres
  6 centaurs
  4 big kobolds
  6 bullfrogs
  A gnoll sergeant (D:9)
  3 scorpions
  12 killer bees
  A wight (D:7)
  A howler monkey (D:6)
  2 crimson imps
  A gnoll shaman (D:7)
  8 orc wizards
  A quasit (D:9)
  A bullfrog skeleton (D:8)
  2 centaur skeletons
  2 orc priests (D:6)
  6 hounds
  Terence (D:3)
  5 iguanas
  9 worker ants
  A killer bee zombie (D:9)
  2 hound skeletons
  16 gnolls
  13 adders
  2 shadow imps
  An ooze (D:7)
  6 adder skeletons
  A worm (D:2)
  3 dart slugs
  7 leopard geckos
  34 orcs
  7 bats
  4 giant cockroaches
  8 hobgoblins
  13 jackals
  18 kobolds
  8 quokkas
  A ball python (D:2)
  6 frilled lizards
  10 goblins
  7 rats
  4 plants (D:10)
280 creatures vanquished.

Vanquished Creatures (others)
  A bush (D:9)
1 creature vanquished.

Grand Total: 281 creatures vanquished

Notes
Turn   | Place    | Note
-------+----------+-------------------------------------------
     0 | D:1      | Fang the Gargoyle Berserker began the quest for the Orb.
     0 | D:1      | Reached XP level 1. HP: 14/14 MP: 1/1
    76 | D:1      | Reached XP level 2. HP: 4/19 MP: 2/2
   782 | D:1      | Reached XP level 3. HP: 23/23 MP: 3/3
  1290 | D:2      | Reached ** piety under Trog
  1290 | D:2      | Reached XP level 4. HP: 24/29 MP: 4/4
  1664 | D:3      | Noticed a hippogriff
  1676 | D:3      | Killed a hippogriff
  1676 | D:3      | Reached XP level 5. HP: 34/34 MP: 5/5
  1676 | D:3      | Reached XP level 6. HP: 39/39 MP: 6/6
  1830 | D:3      | Found a stormy altar of Qazlal.
  2114 | D:3      | Reached *** piety under Trog
  2148 | D:3      | Found an ancient bone altar of Kikubaaqudgha.
  2301 | D:3      | Noticed Terence
  2316 | D:3      | Killed Terence
  2471 | D:4      | Reached skill level 5 in Fighting
  2474 | D:4      | Reached XP level 7. HP: 28/44 MP: 7/7
  2617 | D:4      | Found Umpeiveast's Magic Scroll Emporium.
  2640 | D:4      | Got a scintillating golden ring
  2651 | D:4      | Identified the ring of Vyiz {+Fly rC- rN+++ Str+5 Stlth-}
                  | (You found it on level 4 of the Dungeon)
  2855 | D:4      | Found Bohuefi's Weapon Emporium.
  2873 | D:4      | Bought a +0 battleaxe for 71 gold pieces
  2880 | D:4      | Found an opulent altar of Gozag.
  2994 | D:4      | Noticed Menkaure
  3005 | D:4      | Killed Menkaure
  3005 | D:4      | Reached skill level 5 in Armour
  3215 | D:4      | Found a basalt altar of Yredelemnul.
  3336 | D:4      | Found the +27 Lear's hauberk
  3368 | D:4      | Reached XP level 8. HP: 51/51 MP: 8/8
  3603 | D:4      | Found Tokei's Food Shop.
  3684 | D:5      | Entered Level 5 of the Dungeon
  3684 | D:5      | Noticed Grinder
  3685 | D:5      | Found a shimmering altar of Xom.
  3694 | D:5      | Killed Grinder
  3694 | D:5      | Reached skill level 5 in Axes
  3903 | D:5      | Reached **** piety under Trog
  4330 | D:6      | Found a sacrificial altar of Ru.
  4364 | D:6      | Reached XP level 9. HP: 56/56 MP: 9/9
  4413 | D:6      | Reached skill level 5 in Dodging
  4731 | D:6      | Found a staircase to the Ecumenical Temple.
  4810 | Temple   | Entered the Ecumenical Temple
  5242 | D:7      | Reached ***** piety under Trog
  5631 | D:7      | Found a hide-covered altar of Uskayaw.
  6011 | D:8      | Received a gift from Trog
  6013 | D:8      | Reached XP level 10. HP: 62/64 MP: 10/10
  6054 | D:8      | Noticed a two-headed ogre
  6062 | D:8      | Killed a two-headed ogre
  6140 | D:8      | Found a sacrificial altar of Ru.
  6140 | D:8      | Found a sparkling altar of Nemelex Xobeh.
  6232 | D:8      | Noticed Harold
  6246 | D:8      | Killed Harold
  6965 | D:9      | Noticed Maurice
  6973 | D:9      | Paralysed by something for 2 turns
  6977 | D:9      | Killed Maurice
  7063 | D:9      | Found a radiant altar of Vehumet.
  7216 | D:9      | Reached XP level 11. HP: 66/71 MP: 11/11
  7221 | D:9      | Identified the ring "Imuschuocu" {+Blink rF+ rN+ MR+ Dex+2}
  7468 | D:9      | Found a shadowy altar of Dithmenos.
  7543 | D:9      | Found an iron altar of Okawaru.
  7610 | D:9      | Found a blossoming altar of Fedhas.
  7671 | D:9      | Found Cylikuog's Magic Scroll Shop.
  7902 | D:10     | Entered Level 10 of the Dungeon
  8015 | D:10     | Found a staircase to the Lair.
  8015 | D:10     | Noticed an oklob plant
  8015 | D:10     | Noticed an oklob plant
  8027 | D:10     | Killed an oklob plant
  8035 | D:10     | Killed an oklob plant
  8035 | D:10     | Reached skill level 10 in Fighting
  8471 | D:10     | Noticed Joseph
  8482 | D:10     | Killed Joseph
  8772 | D:10     | Noticed Grum
  8789 | D:10     | Killed Grum
  8789 | D:10     | Reached skill level 10 in Armour
  9202 | D:10     | Noticed Snorg
  9210 | D:10     | Slain by Snorg

Skill      XL: |  1  2  3  4  5  6  7  8  9 10 11 |
---------------+----------------------------------+-----
Axes           | 3 4 5 6 8 |  8.7
Dodging        | 2 3 4 5 7 |  7.6
Armour         | 3 4 5 6 7 9 10 | 10.0
Fighting       | 4 5 6 8 9 10 | 10.2

Action                   |  1- 3 |  4- 6 |  7- 9 | 10-12 || total
-------------------------+-------+-------+-------+-------++-------
Melee: Hand axe          |    95 |   158 |    40 |       ||   293
       Battleaxe         |       |       |   384 |   342 ||   726
Invok: Berserk           |       |     2 |     1 |     3 ||     6
       Brothers in Arms  |       |       |       |     1 ||     1
  Use: Scroll            |       |       |       |    23 ||    23
  Eat: Chunk             |     1 |    27 |    16 |    24 ||    68
Armor: Animal skin       |    21 |       |       |       ||    21
       Plate armour      |    15 |   162 |    76 |       ||   253
       Chain mail        |       |       |   255 |   100 ||   355
       Scale mail        |       |       |       |   295 ||   295
Dodge: Dodged            |    56 |    71 |   275 |   450 ||   852
       Deflected         |       |       |       |     3 ||     3
